 Dungeon Crawl Stone Soup version 0.21.1-1-g345015fe64 (webtiles) character file.

496677 Gargoyl the Envoy of Void (level 23, -5/218 (222) HPs)
             Began as a Centaur Abyssal Knight on June 8, 2018.
             Was a High Priest of Lugonu.
             Killed by divine providence
             ... invoked by Khufu
              (16 damage)
             ... on level 2 of the Tomb of the Ancients on June 10, 2018.
             The game lasted 03:00:06 (75557 turns).

Gargoyl the Envoy of Void (Centaur Abyssal Knight) Turns: 75557, Time: 03:00:08

HP:   -5/218 (222)  AC: 45    Str: 21      XL:     23   Next: 97%
MP:   34/37         EV:  6    Int: 12 (14) God:    Lugonu [*****.]
Gold: 4156          SH: 23    Dex: 22      Spells: 22/22 levels left

rFire    + + .     SeeInvis +   p - +9 hand axe of Peorrago {elec, *Drain rElec rN+ Int+7}
rCold    + + .     Gourm    .   D - +4 shield {reflect}
rNeg     + + +     Faith    .   s - +6 plate armour of Wuotsif {rN+ Dex+3 Stlth+}
rPois    +         Spirit   .   e - +2 helmet
rElec    +         Reflect  +   n - scarf {rC+ rF+}
rCorr    +         Harm     .   K - +2 pair of gloves {Str+3}
MR       ++...     Clarity  +   f - +10 Black Knight's horse barding {ponderous, rPois rN+} Stlth ..........Rnd*Tele +
                                G - amulet of regeneration
HPRegen  0.86/turn              N - ring of Anuaddah {rElec rN+ Dex+7 SInv}
MPRegen  0.25/turn              U - ring of protection from magic

@: about to teleport, resistant, flayed, slowed, studying Maces & Flails, slow
A: large, hooves 3, large bone plates 1, blurry vision 1, clarity, deformed
body, deterioration 1, [dopey 2], speed 2, robust 1, [teleportitis 2], tough
skin 3, [weak 2], [no potion heal 2]
}: 2/15 runes: decaying, gossamer
a: Depart the Abyss, Bend Space, Banish, Corrupt, Enter the Abyss, Renounce
Religion


You were on level 2 of the Tomb of the Ancients.
You worshipped Lugonu.
Lugonu was extremely pleased with you.
You were hungry.

You visited 10 branches of the dungeon, and saw 47 of its levels.
You visited the Abyss 10 times.
You also visited: Labyrinth.

You collected 7119 gold pieces.
You spent 2963 gold pieces at shops.

Inventory:

Hand Weapons
 p - the +9 hand axe of Peorrago (weapon) {elec, *Drain rElec rN+ Int+7}
   (You found it on level 3 of the Crypt)

   Occasionally, upon striking a foe, it will discharge some electrical energy
   and cause terrible harm.
   It affects your intelligence (+7).
   It insulates you from electricity.
   It protects you from negative energy.
   It causes draining when unequipped.
 q - a +3 war axe
 r - the +7 flail "Vauck" {elec, Int+5}
   (You found it on level 4 of the Dungeon)

   Occasionally, upon striking a foe, it will discharge some electrical energy
   and cause terrible harm.
   It affects your intelligence (+5).
 O - a +9 vampiric broad axe
 Y - a +5 broad axe of distortion
Missiles
 T - 4 javelins (quivered)
Armour
 e - a +2 helmet (worn)
 f - the +10 Black Knight's horse barding (worn) {ponderous, rPois rN+}
   (You acquired it on level 2 of the Abyss)

   It protects you from poison.
   It protects you from negative energy.
 n - a scarf of resistance (worn)
 s - the +6 plate armour of Wuotsif (worn) {rN+ Dex+3 Stlth+}
   (You bought it in a shop on level 7 of the Dungeon)

   It affects your dexterity (+3).
   It protects you from negative energy.
   It makes you more stealthy.
 D - a +4 shield of reflection (worn)
 K - a +2 pair of gloves of strength (worn)
Jewellery
 u - an uncursed ring of resist corrosion
 C - an uncursed ring of protection from fire
 G - an amulet of regeneration (around neck)
 N - the ring of Anuaddah (left hand) {rElec rN+ Dex+7 SInv}
   (You found it on level 2 of the Depths)

   [ring of see invisible]

   It affects your dexterity (+7).
   It insulates you from electricity.
   It protects you from negative energy.
   It lets you see invisible.
 S - an uncursed ring of protection from cold
 U - a ring of protection from magic (right hand)
Wands
 g - a wand of scattershot (3)
 i - a wand of flame (15)
 w - a wand of paralysis (11)
 B - a wand of random effects (37)
 L - a wand of digging (94)
 M - a wand of acid (9)
Scrolls
 j - 36 scrolls of remove curse
 l - 5 scrolls of teleportation
 t - 2 scrolls of amnesia
 x - 4 scrolls of identify
 y - a scroll of enchant armour
 z - 8 scrolls of magic mapping
 H - 3 scrolls of fear
 J - a scroll of holy word
 R - 5 scrolls of fog
Potions
 b - 3 potions of ambrosia
 d - 11 potions of might
 h - 10 potions of brilliance
 k - 18 potions of curing
 m - 11 potions of flight
 o - 5 potions of agility
 v - 2 potions of mutation
 E - 2 potions of magic
 I - 3 potions of cancellation
 V - 5 potions of berserk rage
 W - 2 potions of heal wounds
 X - 5 potions of haste
Books
 a - a manual of Maces & Flails
Miscellaneous
 A - 2 sacks of spiders
Comestibles
 c - 45 rations
 F - 3 chunks of flesh


   Skills:
 + Level 16.0 Fighting
 + Level 14.1(16.6) Axes
 + Level 15.0(17.0) Maces & Flails
 + Level 1.5 Throwing
 * Level 16.2 Armour
 + Level 5.0 Dodging
 + Level 15.0 Shields
 * Level 20.0 Invocations
 + Level 0.4 Evocations


You had 22 spell levels left.
You didn't know any spells.

Dungeon Overview and Level Annotations

Branches:
Dungeon (15/15)            Temple (0/1) D:4            Lair (6/6) D:9
  Swamp (4/4) Lair:4       Spider (4/4) Lair:2        Slime (0/5) Lair:5
    Orc (2/2) D:10            Elf (3/3) Orc:2        Vaults (5/5) D:14
  Crypt (3/3) Vaults:3       Tomb (2/3) Crypt:3      Depths (3/5) D:15

Altars:
Ashenzari
Dithmenos
Fedhas
Gozag
Hepliaklqana
Kikubaaqudgha
Makhleb
Okawaru
Vehumet
Wu Jian
Xom
Zin
Beogh
Jiyva

Shops:
D:7 [   D:11 (   Orc:2 =*[(   Elf:1 %   Elf:2 %   Elf:3 *   Depths:2 *
Depths:3 =}}

Portals:
Hell: Depths:1 Depths:2 Depths:3
Abyss: Depths:2
Pandemonium: Depths:3
Ziggurat: Depths:2
Trove: Depths:3 (give +4 fire dragon scales)

Annotations:
D:3 exclusion: oklob plant
Lair:6 exclusion: ice statue
Swamp:2 exclusion: Roxanne, Roxanne
Vaults:5 corrupted
Tomb:2 Khufu


Innate Abilities, Weirdness & Mutations

You have hooves in place of feet.
Armour fits poorly on your strangely shaped body.
You cover ground very quickly.
You have extremely tough skin. (AC +3)
You are partially covered in large bone plates. (SH +4)
Scrolls take you a little longer to read.
You possess an exceptional clarity of mind.
Your body sometimes deteriorates upon taking damage.
You are robust. (+10% HP)
[You are very dopey. (Int -4)]
[You are sometimes teleported next to monsters.]
[You are very weak. (Str -4)]
[Potions are poor at restoring your health.]


Message History

The emperor scorpion claws you but does no damage.
The emperor scorpion stings you but does no damage.
The emperor scorpion claws you.
* * * LOW HITPOINT WARNING * * *
The emperor scorpion closely misses you.
As you read the scroll of teleportation, it crumbles to dust.
You feel strangely unstable.
Your system partially rejects the healing.
You feel much better. You block the flying skull's attack.
You hear a distant "Zot"!
You block the emperor scorpion's attack. x2
The emperor scorpion claws you but does no damage.
The emperor scorpion stings you.
* * * LOW HITPOINT WARNING * * *
The emperor scorpion claws you.
* * * LOW HITPOINT WARNING * * *
You block the emperor scorpion's attack.
Khufu casts a spell at you. Something smites you!
You die...

....... $.. M###
........# #..# ^V.
..........# #..# z.)
..........# #..# ZM
....$.....###..##z###
..............z#Msz.#
8...=........Zz#sss.#
..!...#......MVM@s..#
............WWW#zs..#
.....M.......nW#.!..#
L..............######
s.....#........#
4.M..$.........#
.............?.#
..........###..#
..........# #..#


You could see Khufu, a greater mummy, 6 emperor scorpions, 2 mummy priests, a
flayed ghost, a freezing wraith, a spectral ettin, 2 vampires, a wraith, a
necrophage, 5 flying skulls, a mummy and an iron dragon skeleton.

Vanquished Creatures
  3 ancient liches (Crypt:3)
  Sojobo (Depths:1)
  A greater mummy (Crypt:3)
  Boris (Vaults:2)
  Bai Suzhen (Swamp:3)
  Saint Roka (Depths:2)
  A caustic shrike (Depths:2)
  A profane servitor (Abyss:1)
  A golden dragon (Depths:3)
  the Enchantress (D:14)
  Jorgrun (Depths:3)
  Rupert (Lair:3)
  A tentacled monstrosity (Depths:2)
  2 deep elf blademasters (Elf:3)
  3 liches
  An acid blob (shapeshifter) (Depths:1)
  2 tentacled starspawn (Abyss:1)
  10 sphinxes
  A thorn hunter (Swamp:2)
  Gastronok (Lair:2)
  2 ancient champions (Depths:2)
  2 revenants (Tomb:1)
  3 tengu reavers
  Kirke (D:13)
  A daeva (Abyss:1)
  A fire giant (Depths:2)
  A shadow dragon (Depths:2)
  3 frost giants (Depths:2)
  4 ghost moths (Spider:4)
  8 deep elf sorcerers
  Louise (Spider:1)
  4 emperor scorpions (Spider:4)
  3 vault wardens
  Aizul (D:15)
  4 deep elf elementalists
  2 ghouls
  2 orc warlords
  3 spriggan defenders
  3 war gargoyles (Crypt:3)
  3 curse skulls
  10 ironheart preservers
  A reaper (Abyss:2)
  3 entropy weavers
  18 very ugly things
  3 vampire knights
  Nessos (Lair:5)
  6 deep elf annihilators
  A lorocyproca (Abyss:1)
  18 stone giants
  5 deep elf demonologists
  2 bennus
  2 spark wasps
  A blizzard demon (Abyss:2)
  A quicksilver dragon zombie (Crypt:1)
  7 eidola
  A minotaur (Lab)
  9 deep elf death magi
  4 mummy priests (Tomb:1)
  A crystal guardian (Vaults:4)
  7 ettins
  13 jiangshi
  5 fire dragons
  A deep elf high priest (Elf:3)
  12 yaktaur captains
  13 ogre magi
  9 rakshasas
  6 ice dragons
  9 great orbs of eyes
  Harold (Lair:2)
  15 hydras
  A ghost crab (Swamp:4)
  A juggernaut simulacrum (Depths:3)
  A hell beast (Depths:3)
  7 spriggan air magi
  12 vault guards
  A merfolk aquamancer (Depths:2)
  A catoblepas (Lair:5)
  7 centaur warriors
  5 death knights
  46 two-headed ogres
  25 dancing weapons
  3 deep troll shamans
  7 tengu warriors
  8 alligators
  The ghost of Revguard the Cleaver, a journeyman GrFi of the Shining One (D:11)
  4 deep troll earth magi
  A death scarab (Tomb:2)
  2 thrashing horrors
  4 spriggan berserkers (Depths:2)
  3 sun demons
  11 vampire magi
  5 orc high priests
  3 soul eaters
  2 wretched stars (Abyss:1)
  Sonja (Lair:2)
  16 deep elf knights
  2 spatial maelstroms
  A titan skeleton (Crypt:2)
  3 iron trolls
  2 sixfirhies
  16 skeletal warriors
  2 shadow wraiths
  2 unseen horrors (Depths:1)
  9 hell knights (Crypt:3)
  12 deep trolls
  A spriggan druid (Swamp:4)
  An anaconda zombie (Crypt:3)
  An orange crystal statue (Depths:1)
  A ghost moth zombie (Crypt:2)
  10 swamp dragons
  A golden dragon zombie (Crypt:1)
  4 wizards
  An obsidian statue (Depths:3)
  2 shambling mangroves (Swamp:3)
  9 flayed ghosts
  2 anaconda skeletons
  11 deep elf archers
  A deep troll (shapeshifter) (Vaults:2)
  5 glowing orange brains
  11 orc knights
  A swamp dragon (shapeshifter) (Depths:1)
  6 necromancers
  11 phantasmal warriors
  A sphinx zombie (Depths:3)
  A tengu zombie (D:15)
  3 lindwurms
  Pikel (D:6)
  8 harpies
  9 ironbrand convokers
  12 orb spiders
  2 harpies (shapeshifter)
  An oklob plant (Lair:1)
  7 orc sorcerers
  29 wolf spiders
  42 deep elf magi
  2 manticores
  A fire giant zombie (D:15)
  2 moths of wrath
  A worldbinder (Abyss:1)
  19 ugly things
  A mana viper (Abyss:1)
  9 cyclopes
  3 iron dragon skeletons
  An iron dragon zombie (Crypt:3)
  A dire elephant zombie (Crypt:3)
  13 vault sentinels
  A frost giant skeleton (Crypt:3)
  A sphinx skeleton (Depths:3)
  Maurice (D:8)
  6 elephants
  An apocalypse crab (Abyss:1)
  Psyche (D:10)
  6 black mambas
  2 smoke demons (Crypt:3)
  2 stone giant skeletons
  6 centaur zombies
  A guardian serpent (shapeshifter) (D:15)
  9 spiny frogs
  A fire giant skeleton (Depths:3)
  3 torpor snails
  2 rime drakes
  6 gargoyles
  A rime drake (shapeshifter) (Depths:2)
  An orange demon (Depths:3)
  A death yak zombie (Crypt:2)
  10 komodo dragons
  A shock serpent skeleton (Crypt:3)
  A dire elephant skeleton (Tomb:1)
  3 efreet
  10 demonic crawlers
  2 tormentors
  15 guardian mummies
  30 yaktaurs
  An elf (Vaults:4)
  An ice devil (Depths:3)
  15 freezing wraiths
  A hydra zombie (Crypt:2)
  8 red devils
  3 ancient zymes
  A hellwing (Abyss:2)
  2 yaktaur skeletons
  A troll (shapeshifter) (Vaults:4)
  26 jumping spiders
  A death drake zombie (Crypt:1)
  A tyrant leech (Swamp:1)
  4 polar bears (Lair:6)
  A queen bee (shapeshifter) (Depths:3)
  3 tengu conjurers
  24 hornets
  8 trolls
  An ice dragon zombie (Abyss:1)
  A green draconian skeleton (Crypt:1)
  2 harpy skeletons
  10 blink frogs
  Grinder (D:3)
  An iron dragon simulacrum (Crypt:2)
  14 slime creatures
  6 large abominations
  3 raiju (Abyss:1)
  A tarantella zombie (Crypt:1)
  10 bog bodies
  9 hippogriffs
  2 stone giant simulacra
  4 dream sheep (Lair:6)
  A frost giant simulacrum (Crypt:2)
  An ettin zombie (Crypt:1)
  3 vampires (Crypt:3)
  8 water elementals
  A flying skull (Tomb:2)
  Sigmund (D:2)
  2 ynoxinuls (Abyss:1)
  54 redbacks
  A spriggan (shapeshifter) (Depths:1)
  8 air elementals
  8 shadows
  33 tarantellas
  2 ettin skeletons
  10 wraiths
  4 wyverns
  48 yaks
  21 spriggans
  5 ushabtiu
  A basilisk (Lair:5)
  2 hungry ghosts
  4 fire elementals
  2 black mamba skeletons (Crypt:3)
  A chaos spawn (Abyss:2)
  3 neqoxecs (Abyss:1)
  12 vampire mosquitoes
  6 wargs
  Menkaure (D:6)
  Edmund (D:6)
  16 insubstantial wisps
  A harpy simulacrum (Crypt:2)
  15 swamp worms
  A soldier ant (D:15)
  2 acid dragons
  A deep troll zombie (Crypt:1)
  15 water moccasins
  Duvessa (D:7)
  9 porcupines
  38 orc warriors
  A monstrous demonspawn skeleton (Crypt:1)
  2 floating eyes (Depths:2)
  2 ettin simulacra
  15 swamp drakes
  3 sky beasts
  2 slaves (D:6)
  8 black bears
  An elf zombie (Vaults:4)
  12 ice beasts
  A swamp dragon zombie (Tomb:1)
  5 necrophages
  28 ogres
  2 snapping turtle zombies (Crypt:2)
  23 boggarts
  An eye of draining (Abyss:1)
  A human skeleton (Vaults:4)
  18 wolves
  A centaur (shapeshifter) (Depths:1)
  27 centaurs
  8 small abominations (Abyss:1)
  A manticore skeleton (Crypt:1)
  A snapping turtle skeleton (Crypt:1)
  2 human zombies
  11 crocodiles
  2 big kobolds (D:11)
  15 bullfrogs
  2 salamander zombies
  A gnoll sergeant (D:7)
  A wyvern zombie (D:7)
  Dowan (D:7)
  7 killer bees
  A yak skeleton (Crypt:1)
  5 wights
  3 howler monkeys (D:10)
  7 electric eels
  15 starcursed masses
  16 crimson imps
  4 jellies
  Crazy Yiuf (D:3)
  3 centaur skeletons
  2 bullfrog zombies
  2 hounds
  A basilisk zombie (Crypt:2)
  28 orc priests
  38 orc wizards
  5 bullfrog skeletons
  5 iron imps
  Natasha (thrice) (D:4)
  4 iguanas
  12 worker ants
  A sky beast zombie (Crypt:2)
  A big kobold zombie (Crypt:2)
  A deep dwarf zombie (Crypt:1)
  A hound skeleton (D:6)
  23 mummies
  2 worker ant zombies
  9 gnolls
  10 adders
  A steam dragon skeleton (Crypt:2)
  3 shadow imps
  5 white imps
  3 oozes (D:2)
  2 ufetubi (Abyss:1)
  An adder skeleton (D:6)
  3 adder zombies
  4 worms
  3 dart slugs (D:1)
  3 leopard geckos
  117 orcs
  3 giant cockroaches
  7 goblins
  6 hobgoblins
  11 jackals
  6 kobolds
  3 quokkas
  3 ball pythons
  A ball python zombie (Crypt:2)
  12 bats
  A giant cockroach zombie (D:5)
  A jackal skeleton (D:5)
  2 leopard gecko zombies
  2 quokka zombies
  7 rats
  A lurking horror (Abyss:1)
  A plant (Depths:1)
  3 starspawn tentacles (Abyss:1)
2003 creatures vanquished.

Vanquished Creatures (collateral kills)
  A crocodile (D:10)
  A bullfrog (D:10)
2 creatures vanquished.

Vanquished Creatures (others)
  2 deep elf master archers (Elf:3)
  A vampire knight (Depths:1)
  3 hydras
  An ice dragon (Depths:3)
  An ogre mage (Vaults:4)
  A centaur warrior (Depths:1)
  9 death scarabs (Tomb:2)
  A skeletal warrior (Tomb:1)
  An ironbrand convoker (Vaults:2)
  3 orb spiders (Spider:4)
  A deep elf mage (Elf:1)
  A rust devil (Depths:3)
  A red devil (Crypt:3)
  A hornet (Swamp:1)
  A bog body (Crypt:2)
  2 slime creatures (Swamp:3)
  A spriggan (Swamp:1)
  3 flying skulls (Tomb:2)
  A redback (Spider:4)
  A yak (Lair:1)
  2 humans (D:13)
  An ushabti (Tomb:1)
  A basilisk (Lair:6)
  A phantom (D:13)
  A boggart (Depths:1)
  A small abomination (Abyss:1)
  2 mummies
  2 orcs
  A bush (Abyss:1)
  19 fungi
  13 plants
  5 starspawn tentacles
  15 withered plants (Crypt:3)
100 creatures vanquished.

Grand Total: 2105 creatures vanquished

Notes
Turn   | Place    | Note
-------+----------+-------------------------------------------
     0 | Abyss:1  | Gargoyl the Centaur Abyssal Knight began the quest for the Orb.
     0 | Abyss:1  | Reached XP level 1. HP: 19/19 MP: 2/2
     3 | Abyss:1  | Identified Jeah Mug's Grimoire of Malediction
    10 | Abyss:1  | Identified the Almanac of Conjuration
    15 | Abyss:1  | Identified the Catalogue of Sinister Secrets
    17 | Abyss:1  | Identified Noul's Collected Works on Heat
    20 | Abyss:1  | Found a deep blue altar of Sif Muna.
    20 | Abyss:1  | Noticed a great orb of eyes
    20 | Abyss:1  | Noticed a boggart
    29 | Abyss:1  | Found a corrupted altar of Lugonu.
   111 | Abyss:2  | Noticed a tentacled starspawn
   120 | Abyss:2  | Identified a scroll of acquirement
   121 | Abyss:2  | Found the +10 Black Knight's horse barding {ponderous, rPois rN+}
   122 | D:1      | Escaped the Abyss
   217 | D:1      | Reached * piety under Lugonu
   217 | D:1      | Reached XP level 2. HP: 26/26 MP: 3/3
   989 | D:2      | Reached XP level 3. HP: 30/31 MP: 4/4
   992 | D:2      | Found a faded altar of an unknown god.
  1233 | D:2      | Reached XP level 4. HP: 37/39 MP: 6/6
  1265 | D:2      | Noticed Sigmund
  1291 | D:2      | Killed Sigmund
  1291 | D:2      | Reached ** piety under Lugonu
  1291 | D:2      | Reached skill level 1 in Dodging
  1291 | D:2      | Reached skill level 3 in Invocations
  1291 | D:2      | Reached XP level 5. HP: 30/46 MP: 7/7
  1399 | D:2      | Found an iron altar of Okawaru.
  1667 | D:2      | Reached skill level 1 in Shields
  1667 | D:2      | Reached XP level 6. HP: 52/52 MP: 8/8
  2445 | D:3      | Found a blossoming altar of Fedhas.
  2467 | D:3      | Noticed an oklob plant
  2558 | D:3      | Found a runed door.
  2558 | D:3      | Noticed Grinder
  2570 | D:3      | Paralysed by Grinder for 2 turns
  2574 | D:3      | Paralysed by Grinder for 3 turns
  2582 | D:3      | Killed Grinder
  2582 | D:3      | Reached skill level 4 in Invocations
  2582 | D:3      | Reached XP level 7. HP: 15/59 MP: 8/10
  2815 | D:3      | Noticed Crazy Yiuf
  2825 | D:3      | Killed Crazy Yiuf
  3289 | D:4      | Found a staircase to the Ecumenical Temple.
  3297 | D:4      | Got a translucent flail
  3299 | D:4      | Identified the +7 flail "Vauck" {elec, Int+5} (You found it on level 4 of the Dungeon)
  3319 | D:4      | Found a radiant altar of Vehumet.
  3390 | D:4      | Noticed Natasha
  3394 | D:4      | Killed Natasha
  3469 | D:4      | Noticed Natasha
  3471 | D:4      | Killed Natasha
  3497 | D:4      | Found a shattered altar of Ashenzari.
  3537 | D:4      | Reached *** piety under Lugonu
  3770 | D:4      | Noticed Natasha
  3777 | D:4      | Killed Natasha
  3892 | D:4      | Found an opulent altar of Gozag.
  3893 | D:4      | Found a glowing silver altar of Zin.
  4013 | D:5      | Entered Level 5 of the Dungeon
  4050 | D:5      | Reached skill level 1 in Maces & Flails
  4063 | D:5      | Reached XP level 8. HP: 37/67 MP: 11/11
  4483 | D:5      | Reached skill level 5 in Invocations
  4879 | D:6      | Found a burning altar of Makhleb.
  4879 | D:6      | Noticed a green death
  5012 | D:6      | Noticed Edmund
  5019 | D:6      | Killed Edmund
  5098 | D:6      | Noticed Menkaure
  5103 | D:6      | Killed Menkaure
  5115 | D:6      | Found an ancient bone altar of Kikubaaqudgha.
  5120 | D:6      | Reached **** piety under Lugonu
  5315 | D:6      | Found a shimmering altar of Xom.
  5435 | D:6      | Noticed Pikel
  5483 | D:6      | Killed Pikel
  5483 | D:6      | Reached skill level 5 in Fighting
  5483 | D:6      | Reached skill level 6 in Invocations
  5483 | D:6      | Reached XP level 9. HP: 72/74 MP: 13/13
  5552 | D:6      | Found an ornate altar of the Wu Jian Council.
  5774 | D:7      | Reached skill level 5 in Maces & Flails
  5900 | D:7      | Noticed Duvessa
  5901 | D:7      | Noticed Dowan
  5907 | D:7      | Killed Dowan
  5914 | D:7      | Killed Duvessa
  6004 | D:7      | Found a shadowy altar of Dithmenos.
  6165 | D:7      | Found Qyaps's Antique Armour Shop.
  6175 | D:7      | Bought a crude chain mail for 351 gold pieces
  6185 | D:7      | Identified the +1 chain mail of Remosex {rC+ rN+ Str+3} (You bought it in a shop on level 7 of the Dungeon)
  6290 | D:8      | Noticed Maurice
  6300 | D:8      | Killed Maurice
  6512 | D:8      | Reached XP level 10. HP: 78/83 MP: 15/15
  6565 | D:8      | Noticed a two-headed ogre
  6570 | D:8      | Killed a two-headed ogre
  6570 | D:8      | Reached skill level 7 in Invocations
  7218 | D:9      | Found a staircase to the Lair.
  7282 | D:9      | Found a hazy altar of Hepliaklqana.
  7494 | D:9      | Noticed a two-headed ogre
  7502 | D:9      | Killed a two-headed ogre
  7502 | D:9      | Reached skill level 5 in Armour
  8076 | Lair:1   | Entered Level 1 of the Lair of Beasts
  8343 | Lair:1   | Reached skill level 8 in Invocations
  8847 | Lair:1   | Found an ancient bone altar of Kikubaaqudgha.
  8848 | Lair:1   | Reached XP level 11. HP: 91/91 MP: 17/17
  8849 | Lair:1   | Noticed an oklob plant
  9213 | Lair:1   | Killed an oklob plant
  9767 | Lair:2   | Found a hole to the Spider Nest.
  9856 | Lair:2   | Noticed Sonja
 10026 | Lair:2   | Noticed Gastronok
 10036 | Lair:2   | Cast into level 1 of the Abyss (Sonja)
 10092 | Lair:2   | Escaped the Abyss
 10429 | Lair:2   | Reached skill level 5 in Axes
 10430 | Lair:2   | Noticed Harold
 10846 | Lair:2   | Killed Sonja
 10846 | Lair:2   | Reached skill level 9 in Invocations
 11282 | Lair:2   | Killed Gastronok
 11803 | Lair:2   | Killed Harold
 11985 | Lair:3   | Found a labyrinth entrance.
 11994 | Lab      | Entered a labyrinth
 12148 | Lab      | Noticed a minotaur
 12165 | Lab      | Killed a minotaur
 12165 | Lab      | Reached skill level 5 in Shields
 12165 | Lab      | Reached XP level 12. HP: 52/100 MP: 19/19
 13464 | Lair:4   | Noticed Rupert
 13540 | Lair:3   | Killed Rupert
 13540 | Lair:3   | Reached skill level 10 in Invocations
 13843 | Lair:4   | Found a staircase to the Swamp.
 14403 | Lair:4   | Gained mutation: Your muscles are strong. (Str +2) [potion of mutation]
 14403 | Lair:4   | Gained mutation: You have a somewhat thin skeletal structure. (Dex +2, Stealth) [potion of mutation]
 14403 | Lair:4   | Gained mutation: You have sharp fingernails. [potion of mutation]
 14403 | Lair:4   | Gained mutation: You have a pair of small antennae on your head. [potion of mutation]
 14945 | Lair:4   | You fall through a shaft for 2 floors!
 14945 | Lair:6   | Entered Level 6 of the Lair of Beasts
 14945 | Lair:6   | Noticed an ice dragon
 14945 | Lair:6   | Noticed Nessos
 15306 | Lair:5   | Found a viscous altar of Jiyva.
 15306 | Lair:5   | Found a staircase to the Slime Pits.
 15784 | Lair:5   | Found a runed door.
 15859 | Lair:5   | Noticed a catoblepas
 15874 | Lair:5   | Killed a catoblepas
 16583 | Lair:5   | Noticed a seven-headed hydra
 16591 | Lair:5   | Killed a seven-headed hydra
 16899 | Lair:6   | Reached XP level 13. HP: 94/107 MP: 21/21
 16926 | Lair:5   | Reached skill level 11 in Invocations
 17371 | Lair:6   | Reached ***** piety under Lugonu
 17576 | Lair:6   | Reached skill level 10 in Maces & Flails
 18339 | Lair:5   | Killed Nessos
 20683 | D:10     | Entered Level 10 of the Dungeon
 20683 | D:10     | Found an ancient bone altar of Kikubaaqudgha.
 20859 | D:10     | Reached ****** piety under Lugonu
 21024 | D:10     | Found a roughly hewn altar of Beogh.
 21527 | D:10     | Found a staircase to the Orcish Mines.
 21613 | D:10     | Noticed Psyche
 21618 | D:10     | Killed Psyche
 21699 | D:10     | Reached XP level 14. HP: 116/116 MP: 22/22
 22177 | D:11     | Noticed Revguard's ghost (journeyman GrFi)
 22177 | D:11     | Reached skill level 12 in Invocations
 22191 | D:11     | Killed Revguard's ghost
 22448 | D:11     | Found Ginuaret's Antique Weapon Shoppe.
 23960 | D:13     | Noticed Kirke
 23974 | D:13     | Killed Kirke
 24298 | D:13     | Reached skill level 10 in Armour
 25127 | D:14     | Found a gate to the Vaults.
 25417 | D:15     | Entered Level 15 of the Dungeon
 25521 | D:15     | Reached skill level 13 in Invocations
 25584 | D:15     | Reached XP level 15. HP: 122/126 MP: 24/24
 25726 | D:15     | Found a staircase to the Depths.
 26099 | D:15     | Got a transparent brass amulet
 26101 | D:15     | Identified the amulet "Wyex" {+Rage +Inv MR+ Dex+4} (You acquired it on level 15 of the Dungeon)
 27110 | Orc:1    | Entered Level 1 of the Orcish Mines
 27111 | Orc:1    | Noticed an orc warlord
 27130 | D:10     | Killed an orc warlord
 27870 | Orc:2    | Entered Level 2 of the Orcish Mines
 28249 | Orc:2    | Found a staircase to the Elven Halls.
 28529 | Orc:1    | Reached skill level 10 in Fighting
 28866 | Orc:2    | Noticed an orc warlord
 28885 | Orc:2    | Killed an orc warlord
 29578 | Orc:2    | Found Jeruruf's Antique Armour Boutique.
 29579 | Orc:2    | Found Yzijiof's Antique Weapon Boutique.
 29581 | Orc:2    | Found Manakh's General Store.
 29581 | Orc:2    | Found Gocaz's Jewellery Shop.
 29596 | Orc:2    | Bought a scarf of resistance for 352 gold pieces
 29835 | D:7      | Bought a dazzling plate armour for 1036 gold pieces
 29845 | D:7      | Identified the +6 plate armour of Wuotsif {rN+ Dex+3 Stlth+} (You bought it in a shop on level 7 of the Dungeon)
 29961 | Spider:1 | Entered Level 1 of the Spider Nest
 30253 | Swamp:1  | Entered Level 1 of the Swamp
 31178 | Swamp:2  | Noticed a thorn hunter
 31218 | Swamp:2  | Killed a thorn hunter
 31384 | Swamp:2  | Noticed Roxanne
 31627 | Swamp:2  | Reached XP level 16. HP: 135/135 MP: 26/26
 32744 | Swamp:3  | Reached skill level 14 in Invocations
 33082 | Swamp:4  | Entered Level 4 of the Swamp
 33914 | Swamp:4  | Noticed Bai Suzhen
 33955 | Swamp:3  | Killed Bai Suzhen
 34569 | Swamp:4  | Got a decaying rune of Zot
 35310 | Vaults:1 | Entered Level 1 of the Vaults
 35330 | Vaults:1 | Noticed a Brimstone Fiend
 35549 | D:14     | Noticed an Ice Fiend
 36303 | Vaults:1 | Reached XP level 17. HP: 144/144 MP: 28/28
 36542 | Vaults:1 | Reached skill level 15 in Invocations
 36944 | Vaults:1 | Noticed a Tzitzimitl
 37337 | Vaults:1 | Lost mutation: Your muscles are strong. (Str +2) [potion of mutation]
 37337 | Vaults:1 | Lost mutation: You have sharp fingernails. [potion of mutation]
 37337 | Vaults:1 | Lost mutation: You have a pair of small antennae on your head. [potion of mutation]
 37337 | Vaults:1 | Gained mutation: You are agile. (Dex +2) [potion of mutation]
 37337 | Vaults:1 | Gained mutation: Your mind is acute. (Int +2) [potion of mutation]
 37897 | Vaults:2 | Noticed Boris
 37928 | Vaults:2 | Killed Boris
 38682 | Vaults:2 | Reached skill level 10 in Shields
 39026 | Abyss:1  | Found a corrupted altar of Lugonu.
 39048 | Vaults:2 | Escaped the Abyss
 39947 | Vaults:2 | Reached XP level 18. HP: 143/154 MP: 29/29
 41004 | Orc:2    | Bought a pair of glowing gloves for 157 gold pieces
 41014 | Orc:2    | Bought a pair of runed gloves for 157 gold pieces
 41887 | Vaults:3 | Found a shadowy altar of Dithmenos.
 42512 | Vaults:3 | HP: 2/154 [yaktaur captain (illusionary) (17)]
 42683 | Vaults:3 | Escaped the Abyss
 43030 | Vaults:3 | Found a staircase to the Crypt.
 43231 | Vaults:3 | Reached skill level 16 in Invocations
 43511 | Vaults:4 | Got a pair of fine gloves
 43522 | Vaults:4 | Identified the +0 pair of gloves "Sesorr" {Int+6 Dex-4 SInv} (You found it on level 4 of the Vaults)
 45071 | Vaults:4 | Reached XP level 19. HP: 161/161 MP: 31/31
 46277 | Vaults:5 | Entered Level 5 of the Vaults
 46278 | Vaults:5 | Corrupted Vaults:5
 46499 | Crypt:1  | Entered Level 1 of the Crypt
 47669 | Crypt:1  | Reached skill level 1 in Throwing
 47905 | Crypt:1  | Got a scorched great sword
 47906 | Crypt:1  | Identified the +3 great sword of Armageddon {slice, -Tele +Fly rN+ Str+3} (You found it on level 1 of the Crypt)
 48252 | Crypt:2  | Reached skill level 17 in Invocations
 49169 | Crypt:3  | Entered Level 3 of the Crypt
 49953 | Crypt:3  | Reached XP level 20. HP: 167/172 MP: 32/32
 50238 | Crypt:3  | Noticed an ancient lich
 50256 | Crypt:3  | Cast into level 5 of the Abyss (an ancient lich)
 50256 | Abyss:5  | Entered Level 5 of the Abyss
 50264 | Crypt:3  | Escaped the Abyss
 50289 | Crypt:3  | Killed an ancient lich
 50518 | Crypt:3  | Noticed an ancient lich
 50557 | Crypt:3  | Killed an ancient lich
 50557 | Crypt:3  | Reached skill level 15 in Maces & Flails
 50777 | Crypt:3  | Got a crude hand axe
 50778 | Crypt:3  | Identified the +9 hand axe of Peorrago {elec, *Drain rElec rN+ Int+7} (You found it on level 3 of the Crypt)
 50885 | Crypt:3  | Found an ancient bone altar of Kikubaaqudgha.
 51700 | Crypt:3  | Found a staircase to the Tomb.
 52422 | Spider:1 | Noticed Louise
 52448 | Spider:1 | Killed Louise
 53415 | Spider:2 | Got a wavering silver amulet
 53423 | Spider:2 | Identified the amulet of the Madman {Faith Fragile rF+++ rN+ Dex-3} (You found it on level 2 of the Spider Nest)
 54737 | Spider:4 | Entered Level 4 of the Spider Nest
 56083 | Spider:4 | Reached skill level 18 in Invocations
 56083 | Spider:4 | Reached XP level 21. HP: 123/181 MP: 0/34
 56303 | Spider:4 | Got a gossamer rune of Zot
 56520 | Elf:1    | Entered Level 1 of the Elven Halls
 56644 | Elf:1    | Reached skill level 10 in Axes
 56837 | Elf:1    | Identified the Reference Book on the Entourage
 57006 | Elf:1    | Found Kukhliuch's Food Shop.
 57971 | Tomb:1   | Entered Level 1 of the Tomb of the Ancients
 58245 | Tomb:1   | Paralysed by a sphinx for 6 turns
 58557 | Tomb:1   | Noticed an ancient lich
 58586 | Tomb:1   | Paralysed by an ancient lich for 4 turns
 58590 | Tomb:1   | HP: 7/178 [sphinx/divine providence (12)]
 59151 | Depths:1 | Entered Level 1 of the Depths
 59230 | Depths:1 | Noticed Aizul
 59244 | Depths:1 | Noticed the Enchantress
 59941 | D:14     | Killed the Enchantress
 60046 | D:15     | Killed Aizul
 60185 | Depths:1 | Reached skill level 15 in Armour
 60810 | Depths:1 | Found a gateway to Hell.
 61698 | Depths:1 | HP: 8/182 [battlesphere[an orange crystal statue] (17)]
 62096 | Depths:1 | Got a smoking bronze ring
 62224 | Depths:2 | Paralysed by a floating eye for 3 turns
 62445 | Depths:2 | Found a gateway to a ziggurat.
 62640 | Depths:2 | Noticed Sojobo
 62692 | Depths:1 | Reached XP level 22. HP: 18/190 MP: 35/35
 62930 | Depths:1 | Killed Sojobo
 63230 | Depths:2 | Found Enoefaume's Assorted Antiques.
 63239 | Depths:2 | Bought a potion of haste for 240 gold pieces
 63252 | Depths:2 | Paralysed by a floating eye for 3 turns
 63278 | Depths:2 | Bought a scroll of teleportation for 72 gold pieces
 63347 | Depths:2 | Got a twitching golden ring
 63350 | Depths:2 | Lost mutation: Your mind is acute. (Int +2) [potion of mutation]
 63350 | Depths:2 | Lost mutation: You have a somewhat thin skeletal structure. (Dex +2, Stealth) [potion of mutation]
 63350 | Depths:2 | Gained mutation: Your spells are a little harder to cast, but a little more powerful. [potion of mutation]
 63350 | Depths:2 | Lost mutation: You are agile. (Dex +2) [potion of mutation]
 63350 | Depths:2 | Gained mutation: You are agile. (Dex +2) [potion of mutation]
 63351 | Depths:2 | Lost mutation: Your spells are a little harder to cast, but a little more powerful. [potion of mutation]
 63351 | Depths:2 | Lost mutation: You are agile. (Dex +2) [potion of mutation]
 63351 | Depths:2 | Gained mutation: You are agile. (Dex +2) [potion of mutation]
 63351 | Depths:2 | Gained mutation: Your mind is acute. (Int +2) [potion of mutation]
 63352 | Depths:2 | Lost mutation: You are agile. (Dex +2) [potion of mutation]
 63352 | Depths:2 | Lost mutation: Your mind is acute. (Int +2) [potion of mutation]
 63352 | Depths:2 | Gained mutation: You are somewhat resistant to further mutation. [potion of mutation]
 63353 | Depths:2 | Identified the ring of Anuaddah {rElec rN+ Dex+7 SInv} (You found it on level 2 of the Depths)
 63360 | Depths:2 | Identified the ring "Nympeito" {-Tele MP+9 Str+7 Slay+3} (You found it on level 1 of the Depths)
 63381 | Depths:2 | Paralysed by a great orb of eyes for 3 turns
 63641 | Depths:2 | Found a one-way gate to the infinite horrors of the Abyss.
 63668 | Depths:2 | Voluntarily entered the Abyss.
 63980 | Depths:2 | Escaped the Abyss
 64260 | Depths:2 | Got a glittering bone ring
 64312 | Depths:2 | Noticed a caustic shrike
 64329 | Depths:2 | Killed a caustic shrike
 64329 | Depths:2 | Reached skill level 19 in Invocations
 64377 | Depths:2 | Reached skill level 15 in Fighting
 64396 | Depths:2 | Noticed Saint Roka
 64606 | Depths:2 | Killed Saint Roka
 65296 | Elf:2    | Cast into level 2 of the Abyss (glaive of distortion)
 65415 | Elf:2    | Escaped the Abyss
 65494 | Elf:2    | Identified the ring of Sin {Int+5 Dex+2 SInv} (You found it on level 2 of the Depths)
 65573 | Elf:2    | Found Otodwuri's Food Boutique.
 65682 | Elf:2    | Found a runed gate.
 65683 | Elf:2    | Found a runed gate.
 65716 | Elf:2    | Found a runed gate.
 66586 | Elf:3    | Entered Level 3 of the Elven Halls
 66772 | Elf:3    | Found Keixim's Assorted Antiques.
 66813 | Elf:3    | Bought a scroll of enchant armour for 142 gold pieces
 66813 | Elf:3    | Bought a potion of heal wounds for 95 gold pieces
 66813 | Elf:3    | Bought 2 potions of mutation for 304 gold pieces
 66813 | Elf:3    | Bought a potion of curing for 57 gold pieces
 66815 | Elf:3    | Lost mutation: You are somewhat resistant to further mutation. [potion of mutation]
 66815 | Elf:3    | Gained mutation: Your magical capacity is low. (-10% MP) [potion of mutation]
 66815 | Elf:3    | Gained mutation: You are surrounded by a mild repulsion field. (EV +2) [potion of mutation]
 67283 | Elf:3    | Cast into level 3 of the Abyss (a deep elf sorcerer)
 67302 | Abyss:3  | Found a corrupted altar of Lugonu.
 67428 | Elf:3    | Escaped the Abyss
 67633 | Elf:3    | Reached XP level 23. HP: 138/199 MP: 33/33
 68472 | Elf:3    | Found the +27 Lear's hauberk
 68478 | Elf:3    | Found the +7 Singing Sword
 68485 | Elf:3    | Got a clouded marble ring
 68491 | Elf:3    | Got a translucent hand axe
 68561 | Elf:3    | Identified the Tome of Icy Feathers
 68566 | Elf:3    | Identified Mupohix's Incunabulum of Scorching Toxins
 68592 | Elf:3    | Identified the +3 hand axe "Wajecsu" {venom, rPois rF+ MR-} (You found it on level 3 of the Elven Halls)
 69427 | Depths:3 | Identified the ring "Naleote" {rN+ Int+3} (You found it on level 3 of the Elven Halls)
 69435 | Depths:3 | Got a wavering jade amulet
 69452 | Depths:2 | Identified the amulet "Qoojuf" {Reflect *Drain +Inv rPois SH+3} (You acquired it on level 3 of the Depths)
 69460 | Depths:2 | Got a crude platinum ring
 69461 | Depths:2 | Identified the ring "Ligad" {Int+2 SInv} (You acquired it on level 2 of the Depths)
 69464 | Depths:2 | Got a wavering amethyst amulet
 69465 | Depths:2 | Identified the amulet "Fuvois" {Reflect *Corrode rF+ SH+5 Stlth+} (You acquired it on level 2 of the Depths)
 69469 | Depths:2 | Got a wavering amber ring
 69470 | Depths:2 | Identified the ring "Rauski Anapt" {rF+ rN+ MP-9 Str+5 Int+3} (You acquired it on level 2 of the Depths)
 69673 | Depths:3 | Found Tosmaax's Gadget Boutique.
 69674 | Depths:3 | Found Til Dixococ's Jewellery Emporium.
 69683 | Depths:3 | Found Diaprij's Gadget Boutique.
 69906 | Depths:3 | Noticed Jorgrun
 69907 | Depths:3 | Found a portal to a secret trove of treasure.
 69915 | Depths:3 | Killed Jorgrun
 70889 | Depths:3 | Found a one-way gate leading to the halls of Pandemonium.
 71680 | Depths:3 | Lost mutation: Your magical capacity is low. (-10% MP) [potion of mutation]
 71680 | Depths:3 | Lost mutation: You are surrounded by a mild repulsion field. (EV +2) [potion of mutation]
 71680 | Depths:3 | Gained mutation: You have a pair of small horns on your head. [potion of mutation]
 71680 | Depths:3 | Gained mutation: You have a pair of horns on your head. [potion of mutation]
 71680 | Depths:3 | Gained mutation: You do not regenerate when monsters are visible. [potion of mutation]
 71680 | Depths:3 | Gained mutation: You are partially covered in large bone plates. (SH +4) [potion of mutation]
 71681 | Depths:3 | Lost mutation: You have a pair of horns on your head. [potion of mutation]
 71681 | Depths:3 | Lost mutation: You have a pair of small horns on your head. [potion of mutation]
 71681 | Depths:3 | Gained mutation: You possess an exceptional clarity of mind. [potion of mutation]
 71681 | Depths:3 | Lost mutation: You do not regenerate when monsters are visible. [potion of mutation]
 71681 | Depths:3 | Gained mutation: You are robust. (+10% HP) [potion of mutation]
 72131 | Tomb:1   | Paralysed by a sphinx for 7 turns
 72167 | Tomb:1   | Noticed a greater mummy
 72198 | Tomb:1   | HP: 1/221 [disintegration (105)]
 72210 | Tomb:1   | Paralysed by an ancient lich for 2 turns
 72591 | Crypt:3  | Killed an ancient lich
 72765 | Crypt:3  | Killed a greater mummy
 73524 | Tomb:1   | Reached skill level 5 in Dodging
 74691 | Tomb:2   | Noticed a greater mummy
 74699 | Tomb:2   | Noticed an ancient lich
 74931 | Abyss:2  | Found a corrupted altar of Lugonu.
 74937 | Tomb:2   | Escaped the Abyss
 74937 | Tomb:2   | Noticed a greater mummy
 74939 | Tomb:2   | Noticed an ancient lich
 75002 | Abyss:1  | Reached skill level 20 in Invocations
 75276 | Abyss:1  | Reached skill level 15 in Shields
 75396 | Abyss:1  | Gained mutation: Your body sometimes deteriorates upon taking damage. [a neqoxec]
 75459 | Abyss:1  | Gained mutation: Scrolls take you a little longer to read. [a neqoxec]
 75529 | Tomb:2   | Escaped the Abyss
 75548 | Tomb:2   | Noticed Khufu
 75555 | Tomb:2   | Noticed a greater mummy
 75557 | Tomb:2   | Killed from afar by Khufu

Skill      XL: |  1  2  3  4  5  6  7  8  9 10 11 12 13 14 15 16 17 18 19 20 21 22 23 |
---------------+----------------------------------------------------------------------+-----
Axes           | 2 3 4 5 6 7 8 9 11 13 14 | 14.1
Armour         | 2 3 4 6 7 8 9 10 11 12 13 14 15 16 | 16.2
Dodging        | 1 2 3 4 5 |  5.0
Invocations    | 3 4 6 8 9 10 11 13 14 15 16 17 18 19 20 | 20.0
Shields        | 1 2 3 4 5 6 7 8 9 10 11 12 13 14 15 | 15.0
Fighting       | 4 5 6 7 8 9 10 11 12 13 14 15 16 | 16.0
Maces & Flails | 1 4 6 7 8 9 10 12 13 14 15 | 15.0
Throwing       | 1 |  1.5
Evocations     | |  0.4

Action                   |  1- 3 |  4- 6 |  7- 9 | 10-12 | 13-15 | 16-18 | 19-21 | 22-24 || total
-------------------------+-------+-------+-------+-------+-------+-------+-------+-------++-------
Melee: Hand axe          |    80 |    29 |       |       |       |       |  1617 |  1776 ||  3502
       Kick              |    10 |    20 |    53 |   164 |   629 |   918 |  1374 |   944 ||  4112
       War axe           |       |    75 |     9 |    35 |     6 |       |       |       ||   125
       Flail             |       |       |   246 |   456 |  1760 |  1654 |  1041 |       ||  5157
       Broad axe         |       |       |       |       |       |   222 |       |       ||   222
Throw: Javelin           |       |       |       |     5 |     4 |     1 |     5 |     5 ||    20
Invok: Depart the Abyss  |     1 |       |       |     1 |       |     2 |     1 |     4 ||     9
       Banish            |       |       |       |     3 |     3 |     7 |     8 |     2 ||    23
       Bend Space        |       |       |       |     1 |     2 |     4 |     5 |     3 ||    15
       Enter the Abyss   |       |       |       |       |       |     2 |       |     2 ||     4
       Corrupt           |       |       |       |       |       |       |     1 |       ||     1
Evoke: Wand              |       |       |       |       |       |       |       |     3 ||     3
  Use: Scroll            |     3 |     5 |     7 |    15 |    12 |    11 |    21 |    25 ||    99
       Potion            |     1 |       |       |     5 |     1 |    10 |     9 |    20 ||    46
 Stab: Distracted        |       |       |       |       |       |     1 |     1 |     2 ||     4
  Eat: Chunk             |       |     4 |     5 |    14 |    18 |     8 |    10 |     9 ||    68
       Ration            |       |       |     2 |     5 |     8 |    12 |    14 |     9 ||    50
Armor: Leather armour    |    47 |    64 |    17 |       |       |       |       |       ||   128
       Scale mail        |       |       |    63 |       |       |       |       |       ||    63
       Chain mail        |       |       |   146 |   351 |   995 |       |       |       ||  1492
       Plate armour      |       |       |       |       |   213 |  1596 |  1777 |   835 ||  4421
Dodge: Dodged            |     4 |     7 |    12 |    48 |   293 |   387 |   453 |   265 ||  1469
Block: Large shield      |    35 |    51 |   108 |       |       |       |       |       ||   194
       Shield            |       |       |    54 |   315 |  1283 |  1591 |  1907 |  1194 ||  6344
       Reflection        |       |       |       |       |       |       |     6 |    65 ||    71
